[Event "Monday Night Engine Tour 13 Rd Swiss 3m+1s Starts at 2200hrs ST"]
[Site "Infinity Chess"]
[Date "2018.1.22"]
[Round "4"]
[White "RonWeasley"]
[Black "tris77"]
[Result "1-0"]
[ECO "B97"]
[WhiteElo "2491"]
[BlackElo "2398"]
[WhiteEngine "BrainFish 130117_CTG"]
[BlackEngine "Raubfisch X37b_CTG"]
[EventType "Swiss"]
[WhiteTeam ""]
[BlackTeam ""]
[PlyCount "239"]
[TimeControl "180+1"]

1. e4 c5 2. Nf3 d6 3. d4 cxd4 4. Nxd4 Nf6 5. Nc3 a6 6. Bg5 e6 7. f4 Qb6 
8. Qd2 Qxb2 9. Rb1 Qa3 10. e5 dxe5 11. fxe5 Nfd7 12. Ne4 Qxa2 13. Rd1 h6 
14. Bh4 Qd5 15. Qe3 Qxe5 16. Be2 Bc5 17. Bg3 Bxd4 18. Rxd4 Qa5+ 19. Rd2 O-O 
20. Bd6 Nc6 21. O-O Rd8 22. Qf4 Qf5 23. Qh4 Qa5 24. Rd3 Rf8 25. Rg3 Nd4 
26. Nf6+ Nxf6 27. Qxd4 Ne8 28. Bb4 Qc7 29. Rc3 Qd7 30. Rd1 Qxd4+ 31. Rxd4 Nd6 
32. Rxd6 a5 33. Ra3 Bd7 34. Rxd7 axb4 35. Rxa8 Rxa8 36. Rxb7 Ra4 37. Kf2 Kf8 
38. Bc4 h5 39. Bb3 Ra5 40. Rxb4 Rf5+ 41. Ke3 Ke7 42. Rb7+ Kd6 43. Ba4 h4 
44. Rb6+ Kc7 45. Rb5 Rf1 46. Rh5 Re1+ 47. Kf2 Re4 48. Bb3 Kd6 49. Kf3 Rb4 
50. Rg5 g6 51. Rg4 Rb5 52. Rxh4 Ke7 53. Ra4 Rf5+ 54. Kg3 Rg5+ 55. Rg4 Rb5 
56. h4 Kf6 57. Ra4 Rb8 58. Ra7 Rd8 59. Kh3 Rh8 60. Kg4 Rc8 61. g3 Rc3 
62. Kh3 Rf3 63. Rc7 Ke5 64. Kg2 Rf6 65. Ba4 Kd6 66. Ra7 Kc5 67. Be8 e5 
68. Rxf7 Re6 69. Rc7+ Kd4 70. Rd7+ Kc3 71. Bf7 Rf6 72. g4 Rf4 73. Kg3 Rf1 
74. Bxg6 Rg1+ 75. Kf3 Rf1+ 76. Kg2 Rf8 77. g5 Kb2 78. Bd3 e4 79. Bxe4 Rf4 
80. g6 Rxe4 81. g7 Re8 82. g8=Q Rxg8+ 83. Kh3 Kc3 84. Rc7+ Kd4 85. c3+ Ke5 
86. c4 Kd6 87. Rb7 Rh8 88. Kg4 Rg8+ 89. Kh3 Rh8 90. Rg7 Rc8 91. Rg4 Rc5 
92. Rf4 Ke5 93. Kg4 Rc7 94. Rf5+ Ke6 95. c5 Rg7+ 96. Rg5 Rd7 97. h5 Rd4+ 
98. Kg3 Kf6 99. Rg6+ Kf7 100. c6 Rd1 101. Kf4 Rd5 102. Rg5 Rd6 103. c7 Rc6 
104. h6 Rc4+ 105. Ke5 Rc5+ 106. Kd4 Rxg5 107. c8=Q Kg6 108. Qh8 Rg4+ 
109. Ke3 Rg5 110. Qg7+ Kh5 111. Qxg5+ Kxg5 112. h7 Kf5 113. h8=Q Ke6 
114. Kd4 Kf5 115. Qe5+ Kg6 116. Ke4 Kh7 117. Qe7+ Kg6 118. Kf4 Kh6 119. Kf5 Kh5 
120. Qh7# 1-0

[Event "Monday Night Engine Tour 13 Rd Swiss 3m+1s Starts at 2200hrs ST"]
[Site "Infinity Chess"]
[Date "2018.1.22"]
[Round "4"]
[White "Ninja_Bp"]
[Black "star99"]
[Result "1/2-1/2"]
[ECO "A05"]
[WhiteElo "2391"]
[BlackElo "2437"]
[WhiteEngine "Houdini 6_CTG"]
[BlackEngine "Cryptic AIL V2"]
[EventType "Swiss"]
[WhiteTeam ""]
[BlackTeam ""]
[PlyCount "104"]
[TimeControl "180+1"]

1. Nf3 Nf6 2. d4 d5 3. c4 e6 4. Nc3 c6 5. e3 Nbd7 6. Bd3 dxc4 7. Bxc4 b5 
8. Be2 Bb7 9. O-O Be7 10. a3 a5 11. e4 b4 12. e5 bxc3 13. exf6 Nxf6 14. bxc3 O-O 
15. Rb1 Ba6 16. Bxa6 Rxa6 17. Rb7 c5 18. Qd3 Rb6 19. Ra7 cxd4 20. cxd4 Bd6 
21. Rxa5 Rb3 22. Qxb3 Qxa5 23. Ne5 Rb8 24. Qf3 Qa4 25. g3 Rb3 26. Qc6 Qxc6 
27. Nxc6 Rc3 28. Ne5 h5 29. Rd1 Rc2 30. Be3 Ra2 31. Rc1 Bxe5 32. dxe5 Ng4 
33. Rc3 Nxe5 34. Bd4 Ng4 35. Kg2 e5 36. Bc5 e4 37. Bd4 Rd2 38. Bc5 Ra2 
39. Bd4 Rd2 40. Bc5 Ne5 41. Be3 Re2 42. h3 f6 43. Rc1 Ra2 44. Bd4 Rxa3 
45. Bxe5 fxe5 46. Rc5 e3 47. Rxe5 exf2 48. Kxf2 h4 49. gxh4 Rxh3 50. h5 Kh7 
51. Rc5 Rb3 52. Rg5 Kh6 1/2-1/2

[Event "Monday Night Engine Tour 13 Rd Swiss 3m+1s Starts at 2200hrs ST"]
[Site "Infinity Chess"]
[Date "2018.1.22"]
[Round "4"]
[White "Coco69"]
[Black "MrScience"]
[Result "0-1"]
[ECO "C11"]
[WhiteElo "2503"]
[BlackElo "2544"]
[WhiteEngine "Raubfisch X37b3."]
[BlackEngine "BrainFish_x64_modern"]
[EventType "Swiss"]
[WhiteTeam ""]
[BlackTeam ""]
[PlyCount "161"]
[TimeControl "180+1"]

1. e4 e6 2. d4 d5 3. Nc3 Nf6 4. e5 Nfd7 5. f4 c5 6. Nf3 Nc6 7. Be3 Be7 
8. Qd2 O-O 9. dxc5 Bxc5 10. O-O-O Qb6 11. Nd4 Nxd4 12. Bxd4 Bxd4 13. Qxd4 Qxd4 
14. Rxd4 Nc5 15. g4 a6 16. h4 Bd7 17. g5 Bc6 18. Rh3 Rfd8 19. Bg2 Rac8 
20. Rd1 b5 21. Ne2 Bd7 22. h5 b4 23. Nd4 a5 24. Kd2 Na4 25. Kc1 Nc5 26. Kb1 f5 
27. gxf6 gxf6 28. Re3 f5 29. Bxd5 exd5 30. e6 Be8 31. Rg1+ Kh8 32. e7 Rd6 
33. Re5 Rf6 34. Rxd5 Nb7 35. Rxf5 Rxf5 36. Nxf5 Rc6 37. Ng7 Nd6 38. h6 Bd7 
39. Rg5 Ne4 40. Rh5 Ng3 41. Rh3 Rxh6 42. Rxh6 Kxg7 43. Rd6 Be8 44. Rd3 Nf5 
45. Rd8 Kf7 46. Rd5 Kf6 47. Rxa5 h5 48. a3 b3 49. cxb3 h4 50. Re5 Nxe7 
51. Re2 Bc6 52. Rh2 Ng6 53. a4 Kf5 54. a5 Kxf4 55. Ka2 Bb7 56. Rf2+ Kg4 
57. b4 h3 58. b5 Kg3 59. Rf1 h2 60. Ka3 h1=Q 61. Rxh1 Bxh1 62. Kb4 Kf4 
63. Kc4 Ke5 64. Kc5 Nf4 65. Kc4 Kd6 66. b4 Bd5+ 67. Kc3 Ne6 68. Kd3 Nc7 
69. b6 Na6 70. b5 Nb8 71. Kd4 Nd7 72. b7 Bxb7 73. Kc4 Bd5+ 74. Kb4 Nb8 
75. a6 Nd7 76. a7 Nb6 77. Ka3 Nc8 78. a8=B Bxa8 79. b6 Nxb6 80. Kb2 Bc6 81. Kc3 
0-1

[Event "Monday Night Engine Tour 13 Rd Swiss 3m+1s Starts at 2200hrs ST"]
[Site "Infinity Chess"]
[Date "2018.1.22"]
[Round "4"]
[White "BraveDevil"]
[Black "Victorious"]
[Result "1/2-1/2"]
[ECO "D31"]
[WhiteElo "2432"]
[BlackElo "2516"]
[WhiteEngine "Cryptic AIL V2"]
[BlackEngine "BugChess2.41_Release"]
[EventType "Swiss"]
[WhiteTeam ""]
[BlackTeam ""]
[PlyCount "91"]
[TimeControl "180+1"]

1. d4 d5 2. c4 e6 3. Nc3 c6 4. e4 dxe4 5. Nxe4 Bb4+ 6. Bd2 Qxd4 7. Bxb4 Qxe4+ 
8. Be2 Na6 9. Ba5 b6 10. Qd6 Bd7 11. Bc3 f6 12. O-O-O Rd8 13. Qa3 Nc5 14. b4 Nb7 
15. Qxa7 Qf4+ 16. Bd2 Qb8 17. Qxb6 Ne7 18. Be3 e5 19. a4 Kf7 20. a5 Nc8 
21. Rxd7+ Rxd7 22. Qxc6 Rhd8 23. Qa4 Nbd6 24. Nf3 Nf5 25. c5 e4 26. Ne1 Qe5 
27. Nc2 Nxe3 28. fxe3 Rd3 29. Bxd3 exd3 30. Rd1 Qc3 31. Rd2 Qc4 32. Kb2 dxc2 
33. Rxc2 Qe4 34. Qb3+ Kf8 35. c6 Nd6 36. Qc3 Rb8 37. Kb3 Nb5 38. Qc5+ Ke8 
39. Rd2 Qb1+ 40. Ka4 Qa1+ 41. Kb3 f5 42. c7 Qb1+ 43. Ka4 Qa1+ 44. Kb3 Qb1+ 
45. Ka4 Qa1+ 46. Kb3 1/2-1/2

[Event "Monday Night Engine Tour 13 Rd Swiss 3m+1s Starts at 2200hrs ST"]
[Site "Infinity Chess"]
[Date "2018.1.22"]
[Round "4"]
[White "OlivierEvan"]
[Black "Dovahkiin"]
[Result "1-0"]
[ECO "A07"]
[WhiteElo "2462"]
[BlackElo "2463"]
[WhiteEngine "Houdini 6"]
[BlackEngine "BrainFish_180113_x64_modern_CTG"]
[EventType "Swiss"]
[WhiteTeam ""]
[BlackTeam ""]
[PlyCount "149"]
[TimeControl "180+1"]

1. Nf3 d5 2. g3 Nf6 3. Bg2 c5 4. O-O e6 5. c4 d4 6. d3 Nc6 7. e3 Bd6 
8. exd4 cxd4 9. Na3 O-O 10. Nc2 e5 11. b4 a6 12. a4 Re8 13. Re1 Bf5 14. Rb1 Rc8 
15. Bg5 h6 16. Bxf6 Qxf6 17. Nh4 Bh7 18. Bd5 Rb8 19. Qe2 a5 20. bxa5 Nxa5 
21. Rb5 b6 22. Nf3 Bf5 23. Nd2 Bf8 24. Reb1 Qg6 25. Ne1 Bd7 26. Nef3 Bxb5 
27. Rxb5 Rbd8 28. Nxe5 Qf5 29. Be4 Qe6 30. f4 f6 31. f5 Qc8 32. Ng6 Nb7 
33. Rxb6 Nc5 34. Qg4 Qc7 35. Rb5 Bd6 36. Bd5+ Kh7 37. Ne4 Nxe4 38. Bxe4 Rb8 
39. Kg2 Qa7 40. Kh3 Red8 41. Qd1 Rdc8 42. Rd5 Rd8 43. Qa1 Bc5 44. Rxd8 Rxd8 
45. Nf4 Bb4 46. Bd5 Rb8 47. Ne6 Kh8 48. Qxd4 Qxd4 49. Nxd4 Rb6 50. Ne6 Rd6 
51. Kg4 Kg8 52. d4 Kf7 53. Bc6 Ke7 54. d5 Rxe6 55. dxe6 Kd6 56. Bg2 Ke5 
57. a5 Bc5 58. a6 Kd6 59. Kh5 Ke7 60. Kg6 Bd4 61. Kxg7 h5 62. Kg6 Bf2 
63. Kxh5 Kd6 64. Kg6 Bg1 65. Kxf6 Kc5 66. a7 Bd4+ 67. Kf7 Kxc4 68. a8=Q Bc5 
69. Qa2+ Kc3 70. f6 Bg1 71. e7 Bd4 72. e8=Q Kb4 73. Qea4+ Kc5 74. Q4a3+ Kb6 
75. Qa5# 1-0

[Event "Monday Night Engine Tour 13 Rd Swiss 3m+1s Starts at 2200hrs ST"]
[Site "Infinity Chess"]
[Date "2018.1.22"]
[Round "4"]
[White "KULLANI"]
[Black "MGR"]
[Result "1/2-1/2"]
[ECO "C42"]
[WhiteElo "2487"]
[BlackElo "2540"]
[WhiteEngine "asmfish-popcnt-012018-W_CTG"]
[BlackEngine "asmFishW_2017-08-25_bmi2"]
[EventType "Swiss"]
[WhiteTeam ""]
[BlackTeam ""]
[PlyCount "117"]
[TimeControl "180+1"]

1. e4 e5 2. Nf3 Nf6 3. Nxe5 d6 4. Nf3 Nxe4 5. d4 d5 6. Bd3 Bb4+ 7. Nbd2 O-O 
8. O-O Re8 9. Re1 Bf5 10. c3 Nxd2 11. Qxd2 Bxd3 12. Rxe8+ Qxe8 13. Qxd3 Bd6 
14. Bd2 Qd7 15. Ng5 g6 16. Re1 Na6 17. Qf3 Kg7 18. h4 c6 19. Bf4 Bxf4 
20. Qxf4 Re8 21. Rxe8 Qxe8 22. Nf3 h5 23. Ne5 Nc7 24. a4 Qe7 25. a5 Ne8 
26. Qg5 Qxg5 27. hxg5 Nc7 28. Kf1 a6 29. g3 Ne6 30. f4 f6 31. gxf6+ Kxf6 
32. Kf2 Kf5 33. Kf3 c5 34. dxc5 Nxc5 35. g4+ Kf6 36. b4 Ne4 37. Nd7+ Ke6 
38. Nc5+ Nxc5 39. bxc5 Kf7 40. Kg3 hxg4 41. Kxg4 Kf6 42. Kg3 g5 43. fxg5+ Kxg5 
44. Kf3 Kf6 45. Ke2 Ke6 46. Ke3 Kd7 47. Kd3 Kc7 48. Ke3 Kc6 49. Kd4 Kb5 
50. Kxd5 Kxa5 51. c6 bxc6+ 52. Kxc6 Ka4 53. c4 a5 54. c5 Kb4 55. Kd5 a4 
56. c6 a3 57. c7 a2 58. c8=Q a1=Q 59. Qb8+ 1/2-1/2

[Event "Monday Night Engine Tour 13 Rd Swiss 3m+1s Starts at 2200hrs ST"]
[Site "Infinity Chess"]
[Date "2018.1.22"]
[Round "3"]
[White "star99"]
[Black "RonWeasley"]
[Result "1/2-1/2"]
[ECO "C11"]
[WhiteElo "2435"]
[BlackElo "2493"]
[WhiteEngine "Cryptic AIL V2"]
[BlackEngine "BrainFish 130117_CTG"]
[EventType "Swiss"]
[WhiteTeam ""]
[BlackTeam ""]
[PlyCount "114"]
[TimeControl "180+1"]

1. e4 e6 2. d4 d5 3. Nc3 Nf6 4. e5 Nfd7 5. f4 c5 6. Nf3 Nc6 7. Be3 cxd4 
8. Nxd4 Qb6 9. Qd2 Qxb2 10. Rb1 Qa3 11. Bb5 Nxd4 12. Bxd4 a6 13. Bxd7+ Bxd7 
14. Rb3 Qe7 15. Rxb7 Rc8 16. O-O Qd8 17. f5 exf5 18. Qd3 Bc5 19. Bxc5 Rxc5 
20. Nxd5 Bc8 21. Re7+ Kf8 22. Qa3 Qa5 23. Qxa5 Rxa5 24. Rc7 Be6 25. Nf4 Rxe5 
26. Nxe6+ Rxe6 27. Rxf5 Re7 28. Rc8+ Re8 29. Rfc5 Ke7 30. R8c7+ Kf6 31. Rc3 Rhf8 
32. Rf3+ Kg6 33. h3 a5 34. Rc5 Re1+ 35. Kh2 Re2 36. Rfc3 Kh6 37. Rxa5 Rd8 
38. Rf5 Rdd2 39. Rg3 Re7 40. Rc5 Ree2 41. a4 Rxc2 42. Rxc2 Rxc2 43. Ra3 Rc6 
44. a5 Ra6 45. Kg3 Kg5 46. Kf3 Kf5 47. g4+ Ke5 48. Ke2 f5 49. gxf5 Kxf5 
50. h4 Ke5 51. Ra4 h6 52. h5 g5 53. hxg6 Kf6 54. g7 Kxg7 55. Kd3 h5 56. Ra3 h4 
57. Kc4 Ra8 1/2-1/2

[Event "Monday Night Engine Tour 13 Rd Swiss 3m+1s Starts at 2200hrs ST"]
[Site "Infinity Chess"]
[Date "2018.1.22"]
[Round "3"]
[White "BraveDevil"]
[Black "Ninja_Bp"]
[Result "1/2-1/2"]
[ECO "D31"]
[WhiteElo "2434"]
[BlackElo "2389"]
[WhiteEngine "Cryptic AIL V2"]
[BlackEngine "Houdini 6_CTG"]
[EventType "Swiss"]
[WhiteTeam ""]
[BlackTeam ""]
[PlyCount "110"]
[TimeControl "180+1"]

1. d4 d5 2. c4 e6 3. Nc3 c6 4. e4 dxe4 5. Nxe4 Bb4+ 6. Bd2 Qxd4 7. Bxb4 Qxe4+ 
8. Be2 Na6 9. Ba5 f6 10. Nf3 b6 11. Nd2 Qf4 12. Bh5+ g6 13. Bf3 Qe5+ 14. Kf1 Qc7 
15. Bc3 e5 16. Ne4 Bf5 17. Qa4 Bxe4 18. Bxe4 Nb8 19. h4 Ne7 20. h5 f5 21. Bc2 g5 
22. c5 b5 23. Ba5 Qd7 24. Qb3 Nd5 25. Rd1 Rf8 26. a4 a6 27. Qa2 Qe6 28. Bb3 Ra7 
29. Rh3 Rd7 30. Rhd3 e4 31. Bxd5 cxd5 32. axb5 axb5 33. Rxd5 Nc6 34. Bc3 Ne7 
35. Qa8+ Kf7 36. Qxf8+ Kxf8 37. Rxd7 b4 38. Bh8 Kf7 39. R7d6 Qc4+ 40. Kg1 e3 
41. fxe3 Qe2 42. R6d3 Qxh5 43. R3d2 Qg4 44. Rd6 Qe4 45. Kh2 Qh4+ 46. Kg1 Qe4 
47. Bd4 f4 48. exf4 Nd5 49. Kh2 Nxf4 50. Rd2 Nxg2 51. Rxg2 Qh4+ 52. Kg1 Qe1+ 
53. Kh2 Qh4+ 54. Kg1 Qe1+ 55. Kh2 Qh4+ 1/2-1/2

[Event "Monday Night Engine Tour 13 Rd Swiss 3m+1s Starts at 2200hrs ST"]
[Site "Infinity Chess"]
[Date "2018.1.22"]
[Round "3"]
[White "Dovahkiin"]
[Black "incredible"]
[Result "1-0 "]
[ECO "A00"]
[WhiteElo "2445"]
[BlackElo "2490"]
[WhiteEngine "BrainFish_180113_x64_modern_CTG"]
[BlackEngine "Stockfish_x64_bmi2"]
[EventType "Swiss"]
[WhiteTeam ""]
[BlackTeam ""]
[PlyCount "25"]
[TimeControl "180+1"]

1. e3 e5 2. e4 Nf6 3. Nc3 Bb4 4. Nf3 O-O 5. Nxe5 d5 6. Nd3 Bxc3 7. dxc3 dxe4 
8. Nf4 Qxd1+ 9. Kxd1 Rd8+ 10. Ke1 Nc6 11. Ne2 h6 12. Ng3 b6 13. Be2 1-0

[Event "Monday Night Engine Tour 13 Rd Swiss 3m+1s Starts at 2200hrs ST"]
[Site "Infinity Chess"]
[Date "2018.1.22"]
[Round "3"]
[White "Victorious"]
[Black "Coco69"]
[Result "1/2-1/2"]
[ECO "D31"]
[WhiteElo "2517"]
[BlackElo "2502"]
[WhiteEngine "BugChess2.41_Release"]
[BlackEngine "Raubfisch X37b3."]
[EventType "Swiss"]
[WhiteTeam ""]
[BlackTeam ""]
[PlyCount "123"]
[TimeControl "180+1"]

1. d4 d5 2. c4 e6 3. Nc3 c6 4. e4 dxe4 5. Nxe4 Bb4+ 6. Nc3 c5 7. Nf3 Nf6 
8. Be2 cxd4 9. Nxd4 O-O 10. O-O Bxc3 11. bxc3 a6 12. Bf4 Re8 13. Nf3 Qa5 
14. Bd6 Nc6 15. Qc2 Ne7 16. Rfe1 Bd7 17. Bd3 Bc6 18. Ne5 Rad8 19. c5 Nc8 
20. Nxc6 bxc6 21. Be5 Ne7 22. Bxf6 gxf6 23. Bxh7+ Kg7 24. Bd3 Rd5 25. Re3 Red8 
26. Rg3+ Kf8 27. Rb1 Qxc5 28. Qc1 Nf5 29. Bxf5 Rxf5 30. Qh6+ Ke7 31. Rb7+ Rd7 
32. Rxd7+ Kxd7 33. Rd3+ Rd5 34. Qd2 Qb5 35. Rxd5+ cxd5 36. h4 Ke7 37. h5 Qb1+ 
38. Kh2 Qe4 39. g3 Kf8 40. Qh6+ Ke7 41. Qe3 Qf5 42. Qc5+ Ke8 43. Qc8+ Ke7 
44. Qc5+ Ke8 45. h6 Qh5+ 46. Kg2 Qxh6 47. Qc8+ Ke7 48. Qxa6 Qd2 49. Qa7+ Kf8 
50. Qd4 Qxd4 51. cxd4 Ke7 52. a4 Kd6 53. Kf3 Kc7 54. g4 Kb6 55. Kf4 Ka5 
56. g5 fxg5+ 57. Kxg5 Kxa4 58. Kf6 Kb3 59. Kxf7 Kc4 60. Kxe6 Kxd4 61. f4 Kc4 
62. f5 1/2-1/2

[Event "Monday Night Engine Tour 13 Rd Swiss 3m+1s Starts at 2200hrs ST"]
[Site "Infinity Chess"]
[Date "2018.1.22"]
[Round "3"]
[White "MGR"]
[Black "MrScience"]
[Result "1-0"]
[ECO "E32"]
[WhiteElo "2522"]
[BlackElo "2562"]
[WhiteEngine "asmFishW_2017-08-25_bmi2"]
[BlackEngine "BrainFish_x64_modern"]
[EventType "Swiss"]
[WhiteTeam ""]
[BlackTeam ""]
[PlyCount "137"]
[TimeControl "180+1"]

1. d4 Nf6 2. c4 e6 3. Nc3 Bb4 4. Qc2 O-O 5. e4 d5 6. e5 Ne4 7. Bd3 c5 
8. Nf3 cxd4 9. Nxd4 Nd7 10. Bf4 Qh4 11. g3 Qh3 12. O-O-O Nxc3 13. bxc3 Ba3+ 
14. Kb1 Nb6 15. Bf1 Qh5 16. Be2 Qg6 17. Bd3 Qh5 18. g4 Qxg4 19. Qd2 Be7 
20. h4 f6 21. Rdg1 Qh5 22. cxd5 fxe5 23. Bh6 g6 24. Bxf8 Bxf8 25. Nxe6 Bxe6 
26. dxe6 Be7 27. Ka1 Rd8 28. Qc2 Kg7 29. Rg3 Kh8 30. Qb3 e4 31. Bxe4 Qe2 
32. f3 Qe3 33. h5 g5 34. Rgg1 Na4 35. Qxa4 Qxc3+ 36. Kb1 Bf6 37. Qb3 Qa1+ 
38. Kc2 Qd4 39. Bxb7 Qf2+ 40. Kc1 Qc5+ 41. Kb1 Qf5+ 42. Be4 Qe5 43. Rc1 Rb8 
44. Bb7 Qf5+ 45. Rc2 Qe5 46. Kc1 Qa1+ 47. Qb1 Qxb1+ 48. Kxb1 Rxb7+ 49. Kc1 g4 
50. Rc8+ Kg7 51. fxg4 Bg5+ 52. Kc2 Re7 53. Rc6 Re8 54. Rf1 Kg8 55. Kd3 h6 
56. Ke4 a5 57. Ke5 Bh4 58. Rf7 Rf8 59. Rxf8+ Kxf8 60. Kd6 Kg7 61. Kd7 Kf8 
62. Rc8+ Kg7 63. e7 Bxe7 64. Kxe7 a4 65. Rc6 a3 66. Rg6+ Kh8 67. Kf8 Kh7 
68. Rc6 Kh8 69. Rxh6# 1-0

[Event "Monday Night Engine Tour 13 Rd Swiss 3m+1s Starts at 2200hrs ST"]
[Site "Infinity Chess"]
[Date "2018.1.22"]
[Round "3"]
[White "OlivierEvan"]
[Black "KULLANI"]
[Result "1/2-1/2"]
[ECO "D31"]
[WhiteElo "2461"]
[BlackElo "2488"]
[WhiteEngine "Houdini 6"]
[BlackEngine "asmfish-popcnt-012018-W_CTG"]
[EventType "Swiss"]
[WhiteTeam ""]
[BlackTeam ""]
[PlyCount "59"]
[TimeControl "180+1"]

1. d4 d5 2. c4 e6 3. Nc3 c6 4. Nf3 Nf6 5. Bg5 h6 6. Bxf6 Qxf6 7. e3 Nd7 
8. Be2 g6 9. O-O Bg7 10. e4 dxe4 11. Nxe4 Qf4 12. Qc2 f5 13. Ned2 c5 14. g3 Qc7 
15. Nh4 Bxd4 16. Nxg6 Rg8 17. Nh4 Nf6 18. Ndf3 Rxg3+ 19. hxg3 Qxg3+ 20. Ng2 Ng4 
21. Qd2 Bxf2+ 22. Rxf2 Qxf2+ 23. Kh1 Bd7 24. Rf1 Qg3 25. Qe1 Qxe1 26. Nfxe1 Ne5 
27. Nf3 Ng4 28. Nfe1 Ne5 29. Nf3 Ng4 30. Nfe1 1/2-1/2

[Event "Monday Night Engine Tour 13 Rd Swiss 3m+1s Starts at 2200hrs ST"]
[Site "Infinity Chess"]
[Date "2018.1.22"]
[Round "2"]
[White "RonWeasley"]
[Black "Ninja_Bp"]
[Result "1/2-1/2"]
[ECO "C55"]
[WhiteElo "2497"]
[BlackElo "2385"]
[WhiteEngine "BrainFish 130117_CTG"]
[BlackEngine "Houdini 6_CTG"]
[EventType "Swiss"]
[WhiteTeam ""]
[BlackTeam ""]
[PlyCount "159"]
[TimeControl "180+1"]

1. e4 e5 2. Nf3 Nc6 3. Bc4 Nf6 4. d3 Bc5 5. c3 d6 6. Bb3 O-O 7. Nbd2 a5 
8. O-O Be6 9. Re1 Bxb3 10. Nxb3 Ba7 11. Bg5 h6 12. Bh4 g5 13. Bg3 a4 
14. Nbd2 Re8 15. h3 b5 16. a3 Bb6 17. Nf1 Qd7 18. Qe2 Qe6 19. Rad1 Rab8 
20. Bh2 g4 21. hxg4 Qxg4 22. Qc2 Kh8 23. Ne3 Qh5 24. d4 Rg8 25. Bg3 Rbe8 
26. Kf1 Ng4 27. Nf5 Ne7 28. N5h4 Ng6 29. Qd3 Nxh4 30. Nxh4 Re6 31. Kg1 Nf6 
32. dxe5 Ng4 33. Qf3 Rxe5 34. Nf5 Re6 35. Re2 Rg5 36. Nd4 Rf6 37. Bf4 Kh7 
38. Rdd2 Ba7 39. Nf5 Bc5 40. Qh3 Nxf2 41. Qxh5 Ng4+ 42. Be3 Rxh5 43. Bxc5 dxc5 
44. Rd5 b4 45. Rxc5 bxa3 46. bxa3 Re6 47. Rc4 Rxf5 48. exf5 Rxe2 49. Rxg4 Rc2 
50. Rxa4 Rxc3 51. Kf2 Kg7 52. Ra6 h5 53. a4 Rc5 54. Kg3 Rxf5 55. Kh4 Rc5 
56. g4 hxg4 57. Kxg4 c6 58. a5 Kf6 59. Ra8 Rc4+ 60. Kf3 Ra4 61. a6 c5 
62. Ke3 Ke6 63. a7 Ra3+ 64. Ke4 Ra4+ 65. Kd3 Kf5 66. Kc2 f6 67. Kc3 Kf4 
68. Kb3 Rb4+ 69. Kc2 Ra4 70. Kb3 Rb4+ 71. Kc2 Ra4 72. Kc3 f5 73. Kb3 Rb4+ 
74. Kc3 Ra4 75. Kb2 c4 76. Kc3 Ra3+ 77. Kxc4 Ra5 78. Kd4 Ra4+ 79. Kc3 Ra1 
80. Kb4 1/2-1/2

[Event "Monday Night Engine Tour 13 Rd Swiss 3m+1s Starts at 2200hrs ST"]
[Site "Infinity Chess"]
[Date "2018.1.22"]
[Round "2"]
[White "Dovahkiin"]
[Black "BraveDevil"]
[Result "1/2-1/2 "]
[ECO "A00"]
[WhiteElo "2445"]
[BlackElo "2434"]
[WhiteEngine "BrainFish_180113_x64_modern_CTG"]
[BlackEngine "Cryptic AIL V2"]
[EventType "Swiss"]
[WhiteTeam ""]
[BlackTeam ""]
[PlyCount "233"]
[TimeControl "180+1"]

1. e3 e5 2. e4 Nf6 3. Nc3 Bb4 4. Nf3 O-O 5. Nxe5 d5 6. Nd3 Bxc3 7. dxc3 dxe4 
8. Nf4 Qxd1+ 9. Kxd1 Rd8+ 10. Ke1 Nc6 11. Ne2 h6 12. Ng3 a5 13. f3 Re8 
14. Kf2 Bd7 15. Nxe4 Nxe4+ 16. fxe4 Rxe4 17. h3 Re6 18. Bf4 Ne5 19. Re1 Rae8 
20. Be2 g5 21. Bc1 Bc6 22. Bh5 a4 23. Re2 Nd7 24. Rhe1 Be4 25. Bf3 Bxc2 
26. Rxe6 Rxe6 27. Rxe6 fxe6 28. h4 Nc5 29. Ke2 gxh4 30. Bxh6 Bb1 31. Be3 Nd3 
32. Be4 Nc1+ 33. Bxc1 Bxe4 34. Kf2 Bb1 35. a3 Bf5 36. Bg5 h3 37. gxh3 Bxh3 
38. Ke3 Kf7 39. Kd4 Bf1 40. Ke5 c6 41. Bh4 Bd3 42. Kd4 Be2 43. Ke5 Bc4 
44. Kd4 Be2 45. Ke5 b5 46. Kd6 Bf1 47. Be7 Bd3 48. Bh4 Bc4 49. Bd8 Bd5 
50. Ke5 Ke8 51. Bf6 Bb3 52. Kd6 Kf7 53. Bd8 Bc4 54. Ke5 Kg6 55. Be7 Kg7 
56. Kd6 Bd5 57. Bd8 Bc4 58. Be7 Bd5 59. Bd8 Kh7 60. Ke5 Kh8 61. Bb6 Kg7 
62. Bd8 Kg6 63. Bf6 Kf7 64. Bd8 Kg6 65. Kf4 Ba2 66. Ke5 Bc4 67. Ke4 Kh5 
68. Kf4 Bb3 69. Kf3 Kg6 70. Kf4 Bc4 71. Ke5 Kf7 72. Bb6 Ke7 73. Bc5+ Kd7 
74. Be3 Bd5 75. Bf4 Ke7 76. Be3 Bc4 77. Bg5+ Kd7 78. Bf4 Ba2 79. Bg5 Bc4 
80. Bf4 Bb3 81. Be3 Bd5 82. Bf4 Bc4 83. Bg5 Bb3 84. Be3 Kc7 85. Bc5 Ba2 
86. Bd6+ Kd7 87. Bc5 Bc4 88. Bb6 Ke7 89. Bc5+ Ke8 90. Be3 Kf7 91. Bb6 Kg6 
92. Bc5 Kg5 93. Be7+ Kg4 94. Bc5 Kf3 95. Kd4 e5+ 96. Kxe5 Ke2 97. Kd6 Kd2 
98. Kxc6 Kc2 99. Bb4 Kxb2 100. Kc5 Kc2 101. Kd4 Bf1 102. Bd6 Kb3 103. Bc5 Bg2 
104. Bd6 Bb7 105. Be7 Bg2 106. Bd6 Bf3 107. Bc5 Bb7 108. Be7 Ba6 109. Bb4 Bc8 
110. Kd5 Bd7 111. Kc5 Be8 112. Kd5 Bh5 113. Kd4 Bf7 114. Kc5 Bc4 115. Kd4 Ka2 
116. Bd6 Kb3 117. Bc5 1/2-1/2

[Event "Monday Night Engine Tour 13 Rd Swiss 3m+1s Starts at 2200hrs ST"]
[Site "Infinity Chess"]
[Date "2018.1.22"]
[Round "2"]
[White "KULLANI"]
[Black "star99"]
[Result "1-0"]
[ECO "B90"]
[WhiteElo "2473"]
[BlackElo "2450"]
[WhiteEngine "asmfish-popcnt-012018-W_CTG"]
[BlackEngine "Cryptic AIL V2"]
[EventType "Swiss"]
[WhiteTeam ""]
[BlackTeam ""]
[PlyCount "141"]
[TimeControl "180+1"]

1. e4 c5 2. Nf3 d6 3. d4 cxd4 4. Nxd4 Nf6 5. Nc3 a6 6. Be3 e5 7. Nb3 Be7 
8. Be2 Be6 9. Qd3 Nc6 10. a3 Rc8 11. Nd5 O-O 12. Nb6 Rb8 13. Rd1 Ng4 
14. Bxg4 Bxg4 15. f3 Bh4+ 16. Ke2 Be6 17. Qxd6 Nd4+ 18. Rxd4 exd4 19. Qxd8 Rbxd8 
20. Nxd4 Rd6 21. Nxe6 Rxe6 22. g4 h5 23. h3 Bg5 24. Nd5 Bxe3 25. Kxe3 hxg4 
26. hxg4 b5 27. c3 Rb8 28. g5 f5 29. gxf6 gxf6 30. f4 Kg7 31. f5 Rd6 32. Nc7 Rg8 
33. Rg1+ Kf7 34. Rxg8 Kxg8 35. Ne8 Rc6 36. Kd4 Kf7 37. Kd5 Rb6 38. Kc5 Rb8 
39. Nc7 a5 40. Nxb5 a4 41. c4 Ke7 42. Nc3 Rxb2 43. Nxa4 Rb7 44. Nb6 Rc7+ 
45. Kd5 Kd8 46. a4 Re7 47. c5 Kc7 48. a5 Re5+ 49. Kd4 Kc6 50. Nd5 Re8 
51. Nxf6 Rb8 52. Nd5 Rh8 53. a6 Rh7 54. f6 Kb5 55. Ne7 Kxa6 56. e5 Rh4+ 
57. Kd5 Rh2 58. Nc6 Rh5 59. Nd4 Rh8 60. f7 Ka5 61. Kc4 Ka4 62. e6 Rh1 
63. f8=Q Rc1+ 64. Kd5 Kb4 65. e7 Rxc5+ 66. Ke4 Re5+ 67. Kxe5 Kc4 68. e8=Q Kc3 
69. Qb5 Kd2 70. Qf2+ Kc1 71. Qe1# 1-0

[Event "Monday Night Engine Tour 13 Rd Swiss 3m+1s Starts at 2200hrs ST"]
[Site "Infinity Chess"]
[Date "2018.1.22"]
[Round "2"]
[White "incredible"]
[Black "Coco69"]
[Result "1/2-1/2 "]
[ECO "D30"]
[WhiteElo "2489"]
[BlackElo "2503"]
[WhiteEngine "Stockfish_x64_bmi2"]
[BlackEngine "Raubfisch X37b3."]
[EventType "Swiss"]
[WhiteTeam ""]
[BlackTeam ""]
[PlyCount "219"]
[TimeControl "180+1"]

1. d4 d5 2. c4 e6 3. Nf3 Nf6 4. Nc3 c6 5. e3 Nbd7 6. Qc2 Bd6 7. Bd3 O-O 
8. O-O dxc4 9. Bxc4 a6 10. Rd1 b5 11. Bd3 Bb7 12. Ng5 h6 13. Nge4 Bc7 14. a3 Qe7 
15. b4 a5 16. bxa5 Bxa5 17. Bb2 Rfc8 18. Nxf6+ Nxf6 19. Ne4 Nxe4 20. Bxe4 Bc7 
21. Bf3 Bd6 22. Qc3 Qf8 23. h3 Ra4 24. Rd3 Rca8 25. Qc1 Qe7 26. Rb3 e5 
27. Qc3 Rc4 28. Qd2 Rd8 29. Be2 Ra4 30. Qc2 exd4 31. exd4 Qg5 32. g3 Bc8 
33. Re3 Bd7 34. h4 Qg6 35. Qxg6 fxg6 36. Bd1 Ra7 37. Bc2 Rda8 38. Bxg6 b4 
39. a4 Rxa4 40. Rc1 Ra2 41. Rc2 Rf8 42. Bd3 Bf5 43. Bc4+ Kh7 44. Rd2 Ra7 
45. d5 c5 46. f4 Bg6 47. Be5 Rd8 48. g4 Bf7 49. g5 Bg6 50. Rf2 Re7 51. Kg2 Bf7 
52. Kg3 h5 53. Rd2 g6 54. Kf3 Red7 55. Bf6 Rb8 56. Red3 Ra7 57. Be5 Rd7 
58. Ke4 Re7 59. Re3 Kg8 60. Kd3 Rd7 61. Bb3 Rbd8 62. Bxd6 Rxd6 63. Re5 Ra6 
64. Ra2 Ra3 65. Rxa3 bxa3 66. Kc4 Ra8 67. Ba2 Ra5 68. Re7 Ra4+ 69. Kxc5 Rxf4 
70. d6 Bxa2 71. d7 Rc4+ 72. Kd5 Rb4+ 73. Kc6 Rc4+ 74. Kb6 Rb4+ 75. Kc7 Rc4+ 
76. Kb6 Rb4+ 77. Kc5 Rc4+ 78. Kb5 Rd4 79. Re8+ Kf7 80. d8=Q Rxd8 81. Rxd8 Bb1 
82. Ra8 a2 83. Kc5 Ke6 84. Ra4 Ke7 85. Ra3 Ke6 86. Ra5 Kf5 87. Ra4 Ke5 
88. Kb5 Ke6 89. Kc4 Kd7 90. Kc3 Kc6 91. Ra3 Kb5 92. Ra7 Kc5 93. Ra5+ Kd6 
94. Kb2 Kc6 95. Ra4 Kb5 96. Rf4 Kc5 97. Rf1 Kc6 98. Ka1 Kb5 99. Rf2 Kc5 
100. Rf1 Kc4 101. Rf4+ Kb3 102. Rf1 Ka3 103. Re1 Kb4 104. Rg1 Kb5 105. Rf1 Kc4 
106. Rh1 Kb4 107. Kb2 Kb5 108. Rh3 Kc4 109. Rc3+ Kb5 110. Ka1 1/2-1/2